[Event "FIDE Women's Grand Swiss 2023"]
[Site "Villa Marina, Douglas, Isle of Man, Isle Of Man"]
[Date "2023.10.26"]
[Round "2.1"]
[White "Divya, Deshmukh"]
[Black "Tan, Zhongyi"]
[Result "0-1"]
[TimeControl "40/90 + 30 + 30s/move"]
[WhiteFideId "35006916"]
[BlackFideId "8603642"]
[WhiteElo "2408"]
[BlackElo "2517"]

1. c4 f5 2. Nf3 Nf6 3. g3 g6 4. Bg2 Bg7 5. O-O d6 6. d4 O-O 7. Nc3 a5 8. b3 e5 9. dxe5 dxe5 10.
Qc2 e4 11. Rd1 Qe7 12. Nd4 c6 13. Bb2 Na6 14. Na4 Bd7 15. Qc1 Rae8 16. Nc2 Be6 17. Qd2 Nb4 18. Nxb4 axb4 19. Bd4 Rd8 20.
Bc5 Rxd2 21. Bxe7 Rxd1+ 22. Rxd1 Ra8 23. Bxb4 Bxc4 24. Bf1 Be6 25. e3 Nd5 26. Bc4 Kf7 27. Bxd5 cxd5 28. Rd2 g5 29.
Bc3 Rc8 30. Bxg7 Kxg7 31. b4 Rc1+ 32. Kg2 Bf7 33. Nc5 Bh5 34. Ne6+ Kf6 35. Nd4 Bd1 36. Ne2 Rb1 37. a3 Ra1 38.
h3 Ke5 39. Nd4 h5 40. b5 g4 41. hxg4 hxg4 42. Kh2 Bf3 43. Nxf3+ gxf3 44. Rc2 Rxa3 45. Rc7 Ra2 46. Rxb7 Rxf2+ 47. Kg1 Rb2 48. Rb8 d4 49. Re8+ Kf6 50. exd4 Rxb5 51. Kf2 Kf7 52. Ra8 Rb2+ 53. Kf1 e3 54. Ra1 Ke6 55. Re1 Rf2+ 56.
Kg1 Rg2+ 57. Kh1 e2 58. g4 Rxg4 59. Kh2 Kd6 0-1

[Event "FIDE Women's Grand Swiss 2023"]
[Site "Villa Marina, Douglas, Isle of Man, Isle Of Man"]
[Date "2023.10.26"]
[Round "2.2"]
[White "Muzychuk, Anna"]
[Black "Tsolakidou, Stavroula"]
[Result "1-0"]
[TimeControl "40/90 + 30 + 30s/move"]
[WhiteFideId "14111330"]
[BlackFideId "4264312"]
[WhiteElo "2510"]
[BlackElo "2385"]

1. e4 c5 2. c3 e5 3. Nf3 Nc6 4. Bc4 Nf6 5. Ng5 d5 6. exd5 Nxd5 7. Qh5 g6 8. Qf3 Qxg5 9. Bxd5 Nd8 10.
O-O Qe7 11. d4 cxd4 12. cxd4 exd4 13. Bf4 g5 14. Bg3 Bg7 15. Nd2 O-O 16. Ne4 g4 17. Qb3 Qd7 18. Nc5 Qe7 19. Rac1 Ne6 20.
Nd3 h5 21. Rfe1 Qg5 22. Be5 Qg6 23. Be4 Qg5 24. Bd5 Qg6 25. Be4 Qg5 26. Bxb7 Bxb7 27. Qxb7 Qf5 28. Bxg7 Kxg7 29. Qa6 h4 30.
Re5 Qg6 31. Nc5 Rfc8 32. b4 h3 33. Qd6 Nxc5 34. Qxd4 Nb3 35. axb3 Rxc1+ 36. Re1+ Kg8 37. Rxc1 Re8 38. Qd5 a6 39. b5 axb5 40. Qxb5 Qh6 41. Qxe8+ 1-0

[Event "FIDE Women's Grand Swiss 2023"]
[Site "Villa Marina, Douglas, Isle of Man, Isle Of Man"]
[Date "2023.10.26"]
[Round "2.3"]
[White "Garifullina, Leya"]
[Black "Paehtz, Elisabeth"]
[Result "1/2-1/2"]
[TimeControl "40/90 + 30 + 30s/move"]
[WhiteFideId "34127035"]
[BlackFideId "4641833"]
[WhiteElo "2402"]
[BlackElo "2484"]

1. e4 c5 2. Nf3 Nc6 3. d4 cxd4 4. Nxd4 Nf6 5. Nc3 e5 6. Ndb5 d6 7. Nd5 Nxd5 8. exd5 Nb8 9. a4 Be7 10.
Be2 O-O 11. Bd2 Nd7 12. a5 f5 13. O-O a6 14. Na3 Nf6 15. Bb4 Bd7 16. Re1 Be8 17. Nc4 e4 18. Nb6 Rb8 19. Bc3 Nd7 20.
Bd4 Bg6 21. c4 Nxb6 22. axb6 Bg5 23. Ra3 Kh8 24. b4 f4 25. Bg4 Bf6 26. Be6 Re8 27. Bxf6 Qxf6 28. c5 Bf5 29. Bxf5 Qxf5 30.
c6 bxc6 31. dxc6 Rxb6 32. Qxd6 h6 33. Rc3 e3 34. fxe3 fxe3 35. Qg3 Qf6 36. Rec1 e2 37. Qe1 Qd4+ 38. Kh1 Rbb8 39. c7 Rbc8 40.
R3c2 Qe5 41. h3 Re7 42. Rd2 Rcxc7 43. Rxc7 Qxc7 44. Rxe2 Rxe2 45. Qxe2 Qc1+ 46. Kh2 Qf4+ 47. Kh1 Qxb4 48.
Qxa6 1/2-1/2

[Event "FIDE Women's Grand Swiss 2023"]
[Site "Villa Marina, Douglas, Isle of Man, Isle Of Man"]
[Date "2023.10.26"]
[Round "2.4"]
[White "Roebers, Eline"]
[Black "Vaishali, Rameshbabu"]
[Result "1/2-1/2"]
[TimeControl "40/90 + 30 + 30s/move"]
[WhiteFideId "1058401"]
[BlackFideId "5091756"]
[WhiteElo "2390"]
[BlackElo "2448"]

1. d4 Nf6 2. Nc3 d5 3. Bf4 g6 4. e3 Bg7 5. h4 h5 6. Nf3 O-O 7. Qd2 c5 8. Ne5 cxd4 9. exd4 Nc6 10.
f3 Bf5 11. Bb5 Nb4 12. Ba4 Rc8 13. a3 Nc6 14. Bxc6 bxc6 15. Na4 Nd7 16. Nxd7 Bxd7 17. O-O-O f6 18. Nc5 e5 19. Bh6 Qe7 20.
Rde1 Rce8 21. Re2 Bc8 22. Rhe1 Qd6 23. Bxg7 Kxg7 24. Re3 Rf7 25. dxe5 fxe5 26. Nd3 e4 27. fxe4 dxe4 28. Rxe4 Rxe4 29.
Rxe4 Rf1+ 30. Re1 Qf6 31. g3 Be6 32. Qe3 Rxe1+ 33. Nxe1 a6 34. Nd3 Qf1+ 35. Kd2 Bf5 36. Nf4 Qb5 37.
b3 Kf7 38. Qc3 Qb6 39. Qc4+ Kg7 40. Ne2 c5 41. Nf4 Qd6+ 42. Qd5 Qb6 43. Qe5+ Kf7 44. Nd5 Qd8 45. c4 a5 46. Qf4 Ke6 47.
Qh6 Bb1 48. Kc1 Bf5 49. Qd2 Kf7 50. Qf4 Ke6 51. Qe3+ Kd6 52. Qd2 Qh8 53. Nc3+ Kc7 54. Qe3 Kc6 55. Qf3+ Kc7 56. Nb5+ Kb6 57.
Qc3 Qxc3+ 58. Nxc3 Kc6 59. Nb5 Kd7 60. Kd2 Kc6 61. Kc3 Be4 62. b4 axb4+ 63. axb4 Bg2 64. Kb3 Bf3 65. Nc3 cxb4 66.
Kxb4 Kd6 67. c5+ Ke5 68. Kc4 Bc6 69. Kd3 Kf5 70. Ke3 g5 71. hxg5 Kxg5 72. Ne4+ Kf5 73. Nf2 Ke5 74. Nd3+ Kf5 75.
Kf2 Be4 76. Nb4 Kg4 77. Na6 Bb7 78. Nc7 h4 79. gxh4 Kxh4 80. Nd5 Bxd5 81. c6 1/2-1/2

[Event "FIDE Women's Grand Swiss 2023"]
[Site "Villa Marina, Douglas, Isle of Man, Isle Of Man"]
[Date "2023.10.26"]
[Round "2.5"]
[White "Kamalidenova, Meruert"]
[Black "Gunina, Valentina"]
[Result "1-0"]
[TimeControl "40/90 + 30 + 30s/move"]
[WhiteFideId "13712802"]
[BlackFideId "4167570"]
[WhiteElo "2351"]
[BlackElo "2439"]

1. e4 c6 2. d4 d5 3. Nd2 dxe4 4. Nxe4 Nf6 5. Nxf6+ exf6 6. c3 Bd6 7. Bd3 O-O 8. Qc2 c5 9.
Ne2 h6 10. Be3 Qc7 11. dxc5 Bxc5 12. Bf4 Qb6 13. O-O Nc6 14. b4 Be7 15. Rfe1 Be6 16. Ng3 Rfe8 17. Qe2 Bf8 18. Qf3 Rad8 19.
Nh5 Ne5 20. Bxe5 fxe5 21. Rxe5 Bd6 22. Re3 Qc7 23. h3 Kh8 24. Rae1 Qxc3 25. Bb5 Qxb4 26. Bxe8 Rxe8 27. a3 Qa4 28.
Qxb7 Rb8 29. Qf3 Rb5 30. Qc6 Bc5 31. Rf3 Kh7 32. Rxe6 fxe6 33. Nf6+ gxf6 34. Qd7+ Kg6 35. Qe8+ Kg5 36.
Rg3+ Kh4 37. Rg4+ Qxg4 38. hxg4 Bxf2+ 39. Kxf2 Rb2+ 40. Ke3 Rb3+ 41. Ke4 Kg3 42. Qxe6 Rb6 43. Qd7 Kxg2 44. Qxa7 Rb5 45.
Kf4 Rb3 46. Qa8+ Kf2 47. a4 Rb4+ 48. Qe4 1-0

[Event "FIDE Women's Grand Swiss 2023"]
[Site "Villa Marina, Douglas, Isle of Man, Isle Of Man"]
[Date "2023.10.26"]
[Round "2.6"]
[White "Stefanova, Antoaneta"]
[Black "Savitha, Shri B"]
[Result "1-0"]
[TimeControl "40/90 + 30 + 30s/move"]
[WhiteFideId "2902257"]
[BlackFideId "35061887"]
[WhiteElo "2424"]
[BlackElo "2375"]

1. e4 c5 2. Nf3 Nc6 3. Bb5 g6 4. O-O Bg7 5. d3 d6 6. e5 dxe5 7. Re1 Bg4 8. Bxc6+ bxc6 9. h3 Bxf3 10.
Qxf3 Qc7 11. Nd2 Nf6 12. Rxe5 Nd5 13. Re4 f5 14. Rc4 O-O 15. Rxc5 Qd6 16. Ra5 e5 17. Nc4 Qe6 18. Be3 e4 19.
dxe4 fxe4 20. Qg4 Rf5 21. Rxa7 Rxa7 22. Bxa7 h5 23. Qd1 Nf4 24. Ne3 Rb5 25. Qd8+ Kh7 26. Rd1 Rxb2 27. Rd7 Qe5 28.
Qc7 Qxc7 29. Rxc7 Rxa2 30. Bb6 Ne6 31. Rxc6 Ra1+ 32. Nf1 Nf4 33. g3 Nxh3+ 34. Kg2 Ng5 35. Nd2 Ra6 36. Nb3 Ra4 37. Be3 Nf3 38. Nd2 Ne1+ 39. Kf1 Ra1 40. Ke2 Rc1 41.
c4 Nc2 42. Nxe4 Nxe3 43. Kxe3 Re1+ 44. Kd3 Kh6 45. f4 Kh7 46. Ng5+ Kh6 47. Nf3 Rd1+ 48. Ke2 Rd8 49. f5 Re8+ 50. Kd3 Rd8+ 51. Ke4 Re8+ 52.
Re6 Rxe6+ 53. fxe6 Bf8 54. Kd5 Kg7 55. c5 Be7 56. c6 Bd8 57. e7 1-0

[Event "FIDE Women's Grand Swiss 2023"]
[Site "Villa Marina, Douglas, Isle of Man, Isle Of Man"]
[Date "2023.10.26"]
[Round "2.7"]
[White "Sandu, Mihaela"]
[Black "Bulmaga, Irina"]
[Result "0-1"]
[TimeControl "40/90 + 30 + 30s/move"]
[WhiteFideId "1204327"]
[BlackFideId "13903063"]
[WhiteElo "2298"]
[BlackElo "2423"]

1. e4 e5 2. Nf3 Nc6 3. Bb5 a6 4. Ba4 d6 5. c3 f5 6. d4 fxe4 7. Ng5 exd4 8. O-O d5 9. c4 b5 10.
cxb5 axb5 11. Bxb5 Nge7 12. Nxe4 dxe4 13. Qh5+ g6 14. Qe5 Bb7 15. Qxh8 Qd5 16. Na3 O-O-O 17. Qxh7 Ne5 18. Bf4 Nf5 19.
Bc4 Qa5 20. Be6+ Kb8 21. Nc4 Nxc4 22. Bxc4 Bd6 23. b4 Qb6 24. Bg5 Rf8 25. Rac1 Be5 26. h3 Bg7 27. Bg8 Qd6 28. Rc5 e3 29.
fxe3 Qg3 30. Bd5 Qxg5 31. Qxg7 Nxg7 32. Rxf8+ Ka7 33. Ra5+ Kb6 34. Rb8 Qxe3+ 35. Kf1 c6 36. Bf3 Nf5 0-1

[Event "FIDE Women's Grand Swiss 2023"]
[Site "Villa Marina, Douglas, Isle of Man, Isle Of Man"]
[Date "2023.10.26"]
[Round "2.8"]
[White "Goryachkina, Aleksandra"]
[Black "Guichard, Pauline"]
[Result "1/2-1/2"]
[TimeControl "40/90 + 30 + 30s/move"]
[WhiteFideId "4147103"]
[BlackFideId "639370"]
[WhiteElo "2558"]
[BlackElo "2358"]

1. c4 Nf6 2. Nc3 e5 3. Nf3 Nc6 4. e4 Bb4 5. d3 d6 6. a3 Bc5 7. b4 Bb6 8. Na4 Bg4 9. Be2 Bxf3 10.
Bxf3 Bd4 11. Rb1 a6 12. Bd2 Ba7 13. O-O Nd4 14. Kh1 O-O 15. Be2 Qd7 16. Nc3 c6 17. f4 Nxe2 18. Qxe2 Qg4 19.
Qe1 Nh5 20. f5 Nf4 21. Bxf4 exf4 22. Qe2 Qh4 23. Qf3 g5 24. Ne2 Be3 25. g3 fxg3 26. Nxg3 Bf4 27. Rg1 f6 28. Rg2 Bxg3 29.
Rxg3 Qh6 30. Rbg1 Kh8 31. Qf2 Rad8 32. Qb2 Qg7 33. h4 Qh6 34. Qh2 gxh4 35. Rg4 Rg8 36. Qxd6 h3 37. Qg3 Rxg4 38.
Qxg4 h2 39. Rg3 b5 40. c5 Ra8 41. Qh3 Qc1+ 42. Kxh2 Qxa3 43. Qh6 Qb2+ 44. Rg2 Qe5+ 45. Kh3 Rg8 46. Rxg8+ Kxg8 47. Qe3 Qc3 48.
Qg3+ Kf7 49. Qc7+ Kg8 50. Qd8+ Kf7 51. Qd7+ Kg8 52. Qd6 Qa1 53. Kg2 Qb2+ 54. Kf3 Qa1 55. Qxc6 Qf1+ 56. Ke3 Qe1+ 57.
Kd4 Qa1+ 58. Ke3 Qe1+ 1/2-1/2

[Event "FIDE Women's Grand Swiss 2023"]
[Site "Villa Marina, Douglas, Isle of Man, Isle Of Man"]
[Date "2023.10.26"]
[Round "2.9"]
[White "Beydullayeva, Govhar"]
[Black "Kosteniuk, Alexandra"]
[Result "1/2-1/2"]
[TimeControl "40/90 + 30 + 30s/move"]
[WhiteFideId "13413015"]
[BlackFideId "4128125"]
[WhiteElo "2383"]
[BlackElo "2523"]

1. d4 d5 2. c4 c6 3. Nf3 Nf6 4. Nc3 dxc4 5. a4 Bf5 6. Ne5 Nbd7 7. Nxc4 Nb6 8. Ne5 a5 9. f3 Nfd7 10.
Nxd7 Bxd7 11. e4 e6 12. Be3 Bd6 13. Be2 Qc7 14. Kf2 O-O 15. Rc1 Qd8 16. g3 f5 17. Kg2 Kh8 18. Qb3 Nc8 19.
Rhd1 Rb8 20. Nb1 Qe8 21. Qc2 fxe4 22. fxe4 Bb4 23. Nd2 Nd6 24. Nf3 Nf7 25. Bd2 c5 26. Bxb4 cxb4 27. b3 e5 28.
d5 Nd6 29. Nd2 Rc8 30. Qb2 Qe7 31. Rxc8 Rxc8 32. Rc1 Rxc1 33. Qxc1 Qg5 34. Qc2 Qe3 35. Nc4 Qc3 36. Qd3 Nxc4 37. Qxc4 Qd2 38. Qd3 Qb2 39. Kf3 h5 40. Kf2 Bg4 41. Kf1 Qc1+ 42.
Kg2 Qb2 43. Kf1 Qc1+ 44. Kf2 Qb2 1/2-1/2

[Event "FIDE Women's Grand Swiss 2023"]
[Site "Villa Marina, Douglas, Isle of Man, Isle Of Man"]
[Date "2023.10.26"]
[Round "2.10"]
[White "Muzychuk, Mariya"]
[Black "Matnadze Bujiashvili, Ann"]
[Result "1-0"]
[TimeControl "40/90 + 30 + 30s/move"]
[WhiteFideId "14114550"]
[BlackFideId "13601377"]
[WhiteElo "2519"]
[BlackElo "2400"]

1. e4 c6 2. Nf3 g6 3. d4 Bg7 4. Nc3 d6 5. Be3 Nh6 6. h3 f6 7. Qd2 Nf7 8. O-O-O b5 9. d5 b4 10.
Ne2 Qa5 11. Kb1 e5 12. dxe6 Bxe6 13. a3 O-O 14. Qxb4 Qxb4 15. axb4 a5 16. Nf4 Re8 17. b5 cxb5 18. Bxb5 Bd7 19.
Bc4 Rxe4 20. Bd5 Bc6 21. Bxe4 Bxe4 22. Nd2 Bc6 23. Nc4 Na6 24. Nxd6 Ne5 25. Nd5 a4 26. Ne7+ Kf8 27. Nxc6 Nxc6 28.
Nc4 a3 29. Nxa3 f5 30. Rd6 Rc8 31. Re1 Kg8 32. Nb5 Be5 33. Na7 Nxa7 34. Rxa6 Nc6 35. Bc5 Nb8 36. Re6 Nd7 37. R6xe5 1-0

[Event "FIDE Women's Grand Swiss 2023"]
[Site "Villa Marina, Douglas, Isle of Man, Isle Of Man"]
[Date "2023.10.26"]
[Round "2.11"]
[White "Dronavalli, Harika"]
[Black "Hoang, Thanh Trang"]
[Result "1/2-1/2"]
[TimeControl "40/90 + 30 + 30s/move"]
[WhiteFideId "5015197"]
[BlackFideId "12400149"]
[WhiteElo "2502"]
[BlackElo "2398"]

1. d4 d5 2. c4 e6 3. Nf3 a6 4. Bg5 Be7 5. Bxe7 Qxe7 6. Nbd2 Nf6 7. Rc1 O-O 8. e3 c5 9. Be2 cxd4 10.
exd4 Nc6 11. O-O dxc4 12. Nxc4 Rd8 13. Qb3 Rb8 14. Nb6 Bd7 15. Rfd1 Be8 16. a3 Nd5 17. Nxd5 Rxd5 18. Bc4 Na5 19.
Qe3 Nxc4 20. Rxc4 Bb5 21. Rc3 Rbd8 22. Re1 h6 23. h3 R5d6 24. Rec1 Bc6 25. Ne5 Rxd4 26. Nxc6 bxc6 27. Rxc6 Qb7 28.
R6c2 Rd1+ 29. Kh2 Qb8+ 30. Qg3 Rxc1 31. Qxb8 Rxb8 32. Rxc1 Rxb2 33. Rc6 Rxf2 34. Rxa6 Ra2 35. a4 g5 36.
a5 Kg7 37. Ra7 h5 38. Kg3 Kg6 39. a6 e5 40. Kf3 f5 41. Ra8 g4+ 42. hxg4 hxg4+ 43. Kg3 Kg5 44. Rg8+ Kf6 45. Ra8 Ra3+ 46.
Kh4 g3 47. a7 Kg7 48. Kg5 f4 49. Kg4 Ra6 50. Kf3 Ra3+ 51. Kg4 Ra6 52. Kf3 1/2-1/2

[Event "FIDE Women's Grand Swiss 2023"]
[Site "Villa Marina, Douglas, Isle of Man, Isle Of Man"]
[Date "2023.10.26"]
[Round "2.12"]
[White "Cori T., Deysi"]
[Black "Assaubayeva, Bibisara"]
[Result "0-1"]
[TimeControl "40/90 + 30 + 30s/move"]
[WhiteFideId "3801934"]
[BlackFideId "13708694"]
[WhiteElo "2367"]
[BlackElo "2469"]

1. Nf3 g6 2. g3 Bg7 3. d4 Nf6 4. Bg2 O-O 5. O-O d6 6. b3 e5 7. dxe5 dxe5 8. Bb2 e4 9. Qxd8 Rxd8 10.
Ng5 Bf5 11. Na3 h6 12. Rad1 Re8 13. Nh3 Nc6 14. Nf4 Red8 15. Nc4 Nb4 16. Ne3 Rxd1 17. Rxd1 Nxa2 18. c3 Ne8 19. Nfd5 Be6 20.
Ra1 c6 21. Ne7+ Kf8 22. Nxg6+ fxg6 23. Rxa2 a5 24. Nc4 Bxc4 25. bxc4 e3 26. Ra4 Kf7 27. c5 Nc7 28. Be4 Nb5 29.
Bd3 g5 30. Re4 exf2+ 31. Kxf2 Nxc3 32. Bc4+ Kf8 33. Bxc3 Bxc3 34. e3 Bb4 35. Re5 a4 36. Rf5+ Ke8 37. Re5+ Kd7 38. Be6+ Kc7 39. Ba2 Rd8 0-1

[Event "FIDE Women's Grand Swiss 2023"]
[Site "Villa Marina, Douglas, Isle of Man, Isle Of Man"]
[Date "2023.10.26"]
[Round "2.13"]
[White "Wagner, Dinara"]
[Black "Tania, Sachdev"]
[Result "1/2-1/2"]
[TimeControl "40/90 + 30 + 30s/move"]
[WhiteFideId "24157570"]
[BlackFideId "5007844"]
[WhiteElo "2461"]
[BlackElo "2389"]

1. d4 Nf6 2. c4 e6 3. Nf3 d5 4. g3 Bb4+ 5. Bd2 a5 6. Qb3 c5 7. Bxb4 axb4 8. dxc5 Nc6 9. cxd5 exd5 10.
Bg2 O-O 11. O-O Re8 12. e3 d4 13. exd4 Nxd4 14. Nxd4 Qxd4 15. Qc2 Ra5 16. Nd2 Rxc5 17. Nb3 Rxc2 18. Nxd4 Rxb2 19. Rfb1 Rd2 20.
Rxb4 Rd8 21. Nb3 Rd1+ 22. Rxd1 Rxd1+ 23. Bf1 Bh3 24. Nd2 Rxd2 25. Bxh3 Rxa2 26. Rxb7 g6 27. Rb8+ Kg7 28. Rb7 Kg8 29. Rb8+ Kg7 30. Rb7 Kg8 1/2-1/2

[Event "FIDE Women's Grand Swiss 2023"]
[Site "Villa Marina, Douglas, Isle of Man, Isle Of Man"]
[Date "2023.10.26"]
[Round "2.14"]
[White "Narva, Mai"]
[Black "Cramling, Pia"]
[Result "1/2-1/2"]
[TimeControl "40/90 + 30 + 30s/move"]
[WhiteFideId "4500512"]
[BlackFideId "1700030"]
[WhiteElo "2399"]
[BlackElo "2446"]

1. e4 c5 2. Nf3 e6 3. d4 cxd4 4. Nxd4 a6 5. c4 Nf6 6. Nc3 Bb4 7. Nc2 Bxc3+ 8. bxc3 Qa5 9. Qd4 Nc6 10.
Qe3 e5 11. Ba3 Nd4 12. Nxd4 Qxa3 13. Nc2 Qe7 14. c5 d6 15. cxd6 Qxd6 16. Nb4 Be6 17. Be2 Rc8 18. f3 Nd7 19.
Kf2 Qc5 20. Rhc1 Ke7 21. Rab1 Rc7 22. c4 Rhc8 23. Rb2 Qxe3+ 24. Kxe3 b5 25. Nxa6 Ra7 26. Nb4 bxc4 27. Rc3 Nc5 28.
Rd2 Na4 29. Ra3 Raa8 30. g3 g5 31. f4 gxf4+ 32. gxf4 exf4+ 33. Kxf4 Nb6 34. Rc3 Ra4 35. Rb2 Ra5 36. Nc2 Na4 37.
Rb7+ Kf8 38. Ra3 Raa8 39. Rb4 Nc5 40. Rxa8 Rxa8 41. Bxc4 Bxc4 42. Rxc4 Ne6+ 43. Kg4 Rxa2 44. h4 Ra5 45.
Ne3 h5+ 46. Kf3 Kg7 47. Nf5+ Kh7 48. Rc3 Ng7 49. Nxg7 Kxg7 1/2-1/2

[Event "FIDE Women's Grand Swiss 2023"]
[Site "Villa Marina, Douglas, Isle of Man, Isle Of Man"]
[Date "2023.10.26"]
[Round "2.15"]
[White "Mammadzada, Gunay"]
[Black "Socko, Monika"]
[Result "1-0"]
[TimeControl "40/90 + 30 + 30s/move"]
[WhiteFideId "13403729"]
[BlackFideId "1106619"]
[WhiteElo "2441"]
[BlackElo "2380"]

1. Nf3 Nf6 2. c4 e6 3. g3 d5 4. d4 Bb4+ 5. Nbd2 dxc4 6. Qc2 b5 7. a4 c6 8. Bg2 Bb7 9. O-O Nbd7 10.
b3 cxb3 11. Nxb3 O-O 12. Ne1 bxa4 13. Rxa4 a5 14. Nd3 Nb6 15. Ra1 Nbd5 16. Nbc5 Bxc5 17. Nxc5 Ba6 18. Nxa6 Rxa6 19. Bd2 Qb6 20.
e3 Rfa8 21. Rfb1 Nb4 22. Qc4 h6 23. h3 Nfd5 24. Ra3 Qa7 25. Bf1 Nc7 26. Rba1 Nbd5 27. Qc5 Nb5 28. Rxa5 Qxc5 29. dxc5 Rxa5 30.
Rxa5 Rxa5 31. Bxa5 Kf8 32. e4 Nf6 33. f3 Ke7 34. Kf2 Nd7 35. Ke3 e5 36. Bxb5 cxb5 37. c6 Nf6 38. Bc7 Ne8 39.
Bxe5 f6 40. Bb8 Nd6 41. Kd4 Nc4 42. Kc5 Kd8 43. Kxb5 Nd2 44. Kc5 Nxf3 45. h4 h5 46. Kd5 Ke7 47. Bd6+ Kd8 48. e5 fxe5 49.
Bxe5 g6 50. Kd6 Kc8 51. Bf4 Nd4 52. Kd5 Nb5 53. Be5 Na7 54. Kc5 Kd8 55. Kb6 Nc8+ 56. Kb7 Ne7 57. Bf6 1-0

[Event "FIDE Women's Grand Swiss 2023"]
[Site "Villa Marina, Douglas, Isle of Man, Isle Of Man"]
[Date "2023.10.26"]
[Round "2.16"]
[White "Ushenina, Anna"]
[Black "Munguntuul, Batkhuyag"]
[Result "1/2-1/2"]
[TimeControl "40/90 + 30 + 30s/move"]
[WhiteFideId "14110911"]
[BlackFideId "4900758"]
[WhiteElo "2434"]
[BlackElo "2366"]

1. d4 d5 2. c4 c6 3. cxd5 cxd5 4. Bf4 Nc6 5. e3 Nf6 6. Bd3 e6 7. Nc3 Bd6 8. Bxd6 Qxd6 9. f4 Bd7 10.
Nf3 Ng4 11. Qe2 f5 12. a3 Nf6 13. Rc1 O-O 14. O-O Be8 15. Ne5 Qe7 16. Rc2 Rd8 17. Nxc6 Bxc6 18. Rfc1 Ne8 19. Nb1 Ba4 20.
Rc5 a6 21. Nd2 Nd6 22. Nf3 Rc8 23. b4 Rfd8 24. Ne5 Qe8 25. g4 Bb5 26. Bxb5 axb5 27. gxf5 Nxf5 28. Kf2 Nd6 29. Kg2 Nc4 30.
Rxc8 Rxc8 31. Rc3 Ra8 32. Qd3 Qh5 33. h3 Qh4 34. Nf3 Qf6 35. Ne5 Qh4 36. Nf3 Qf6 37. Ne5 1/2-1/2

[Event "FIDE Women's Grand Swiss 2023"]
[Site "Villa Marina, Douglas, Isle of Man, Isle Of Man"]
[Date "2023.10.26"]
[Round "2.17"]
[White "Danielian, Elina"]
[Black "Mkrtchyan, Mariam"]
[Result "1/2-1/2"]
[TimeControl "40/90 + 30 + 30s/move"]
[WhiteClock "00:03:00"]
[BlackClock "00:08:00"]
[WhiteFideId "13300210"]
[BlackFideId "13310828"]
[WhiteElo "2416"]
[BlackElo "2343"]

1. d4 d5 2. c4 e6 3. Nc3 Nf6 4. Nf3 Nbd7 5. Bf4 dxc4 6. e3 Bd6 7. Bg3 Nb6 8. Bxc4 Nxc4 9. Qa4+ Bd7 10.
Qxc4 Bc6 11. Ne5 Bxe5 12. Bxe5 Nd7 13. Bg3 Bxg2 14. Rg1 Bc6 15. e4 O-O 16. O-O-O Nb6 17. Qc5 Rc8 18. Qe5 Nc4 19.
Qf4 Qe7 20. Bh4 f6 21. Qg3 Rf7 22. f4 Qf8 23. Kb1 b5 24. d5 exd5 25. Nxd5 Bxd5 26. Rxd5 c6 27. Rdd1 Re8 28. Qd3 Qb4 29.
b3 Nb6 30. Qd4 Rxe4 31. Qxb4 Rxb4 32. Rd8+ Rf8 33. Rd6 Rxf4 34. Bg3 Re4 35. Rxc6 Rc8 36. Rxc8+ Nxc8 37. Rc1 Ne7 38. Rc7 a6 39.
Ra7 Re6 40. a4 bxa4 41. bxa4 g5 42.
a5 f5 43. Bf2 Nd5 44. Bd4 h6 45. Kc2 f4 46. Rg7+ Kf8 47. Rd7 Nb4+ 48. Kd2 Nc6 49. Bb6 f3 50. h3 Ne5 51. Bc5+ Ke8 52.
Rd5 Ng6 53. Rd3 Ne5 54. Rd5 Nc4+ 55. Kd3 Nxa5 56. Rf5 Nc6 57. Kc4 Rg6 58. Kc3 g4 59. hxg4 Rxg4 60. Be3 Rg6 61. Rxf3 Ne5 62.
Rf5 Ng4 63. Bd2 Rd6 64. Bf4 Rb6 65. Kc4 Ke7 66. Rh5 Rf6 67. Bd2 Ke6 68. Kb4 Kf7 69. Rh4 Rd6 70. Bc1 Rc6 71. Bd2 Rg6 72.
Ka5 Kg7 73. Bc1 Kf7 74. Bd2 Ke7 75. Bxh6 Nxh6 76. Rb4 Nf5 77. Rb6 Nd6 78. Rxa6 Ke6 79. Kb4 Kd5 80. Ra8 Rg4+ 81. Kc3 Ne4+ 82.
Kd3 Rg3+ 83. Ke2 Rb3 84. Rd8+ Nd6 85. Rd7 Ke6 86. Rd8 Ke5 87. Kd2 Rh3 88. Kc2 Nb5 89. Re8+ Kd4 90. Rd8+ Kc4 91.
Rc8+ Kd5 92. Rd8+ Kc6 93. Rc8+ Kd7 94. Rb8 Nc7 95. Kd2 Nd5 96. Rg8 Kd6 97. Kc2 Kc5 98. Rg5 Rf3 99. Rh5 Kc4 100.
Rh4+ Nf4 101. Kd2 Kd4 102. Kc2 Kc4 103. Kd2 Kd4 104. Kc2 Kd5 1/2-1/2

[Event "FIDE Women's Grand Swiss 2023"]
[Site "Villa Marina, Douglas, Isle of Man, Isle Of Man"]
[Date "2023.10.26"]
[Round "2.18"]
[White "Batsiashvili, Nino"]
[Black "Terbe, Julianna"]
[Result "1-0"]
[TimeControl "40/90 + 30 + 30s/move"]
[WhiteFideId "13602993"]
[BlackFideId "708780"]
[WhiteElo "2475"]
[BlackElo "2266"]

1. Nf3 d5 2. e3 Nf6 3. c4 c6 4. Nc3 a6 5. d4 e6 6. h3 Nbd7 7. Qc2 Bd6 8. g4 dxc4 9. e4 e5 10.
Bxc4 O-O 11. Be3 b5 12. Be2 exd4 13. Nxd4 Qc7 14. g5 Ne8 15. O-O-O Nb6 16. Nf5 Bf4 17. Kb1 Bxe3 18. Nxe3 Be6 19.
Bg4 Qf4 20. Rhg1 b4 21. Ne2 Qxf2 22. Rg3 Nc7 23. Rf1 Qh2 24. Rfg1 Rad8 25. Bxe6 Nxe6 26. Ng4 Nd4 27. Nxd4 Qxc2+ 28. Nxc2 c5 29. Nce3 Rde8 30. e5 c4 31. Rd1 Re6 32. Nd5 a5 33. Nxb6 Rxb6 34. Ne3 c3 35. Nd5 Rb5 36. bxc3 bxc3+ 37. Kc1 Rfb8 38. Rxc3 Kf8 39.
a4 Rb1+ 40. Kd2 R1b2+ 41. Rc2 R2b3 42. Rdc1 Ke8 43. Rc8+ Rxc8 44. Rxc8+ Kd7 45. Rc3 Rb2+ 46. Ke3 Ke6 47. Ke4 Re2+ 48. Ne3 Ra2 49. Rc6+ Kd7 50. Rd6+ Ke8 51.
Rd4 Rh2 52. Rd5 Rxh3 53. Rxa5 h5 54. Ra8+ Kd7 55. Ra7+ Ke6 56. Ng2 1-0

[Event "FIDE Women's Grand Swiss 2023"]
[Site "Villa Marina, Douglas, Isle of Man, Isle Of Man"]
[Date "2023.10.26"]
[Round "2.19"]
[White "Lee, Alice"]
[Black "Shuvalova, Polina"]
[Result "0-1"]
[TimeControl "40/90 + 30 + 30s/move"]
[WhiteFideId "30941822"]
[BlackFideId "24171760"]
[WhiteElo "2388"]
[BlackElo "2506"]

1. d4 Nf6 2. c4 e6 3. Nf3 d5 4. g3 dxc4 5. Bg2 a6 6. Ne5 Bb4+ 7. Nc3 Nd5 8. O-O O-O 9. Ne4 b5 10.
b3 cxb3 11. axb3 Bb7 12. Nd3 Bc3 13. Bb2 Bxb2 14. Nxb2 Bc6 15. Nd3 Nf6 16. Nxf6+ Qxf6 17. e3 Bxg2 18. Kxg2 Nd7 19. Qg4 a5 20.
Rfc1 Ra7 21. Nc5 Nb6 22. Qe2 b4 23. Na6 Nd5 24. Rxa5 Rfa8 25. Rc6 Qd8 26. Qb5 g6 27. e4 Nc3 28.
Qxb4 Nxe4 29. Qc4 Nd6 30. Qc3 Nf5 31. Qa1 Nxd4 32. Rc3 c5 33. b4 Qd5+ 34. Kh3 Nb3 35. Rxb3 Qxb3 36. Nxc5 Rxa5 37.
bxa5 Qb5 38. Qd4 Qxa5 39. Nd7 Qa1 40. Nf6+ Kh8 41. Qf4 Kg7 42. Ng4 Ra5 43. Kg2 h5 44. Ne3 Qe5 45. Qc4 Rc5 46.
Qb4 Rb5 47. Qc4 Rb2 48. Qd3 Qf6 49. Nd1 Ra2 50. h4 e5 51. Qe3 Rc2 52. Qe1 Qc6+ 53. Kh2 Qd6 54. Ne3 Ra2 55. Kg2 Qd2 56.
Qxd2 Rxd2 57. Nc4 Rd5 58. Kf3 f5 59. Ke3 Kf6 60. Nb6 Rd8 61. Nc4 Rc8 62. Nb6 Rc3+ 63. Kd2 Ra3 64. Nd7+ Ke6 65.
Nf8+ Kf7 66. Nh7 f4 67. Ng5+ Kf6 68. gxf4 exf4 69. Ke2 Kf5 70. f3 Ra2+ 71. Kf1 Rh2 72. Ne4 Rxh4 73. Kg2 g5 0-1

[Event "FIDE Women's Grand Swiss 2023"]
[Site "Villa Marina, Douglas, Isle of Man, Isle Of Man"]
[Date "2023.10.26"]
[Round "2.20"]
[White "Efroimski, Marsel"]
[Black "Kiolbasa, Oliwia"]
[Result "1-0"]
[TimeControl "40/90 + 30 + 30s/move"]
[WhiteFideId "2810964"]
[BlackFideId "1154613"]
[WhiteElo "2447"]
[BlackElo "2375"]

1. Nf3 Nf6 2. g3 d5 3. Bg2 e6 4. O-O c5 5. d3 Nc6 6. Nbd2 Be7 7. e4 b6 8. Re1 Bb7 9. Qe2 Qc7 10.
c3 O-O-O 11. a3 h6 12. b4 c4 13. dxc4 dxe4 14. Nxe4 Nxe4 15. Qxe4 Na5 16. Qe2 Nxc4 17. Nd4 Nd6 18.
Bxb7+ Qxb7 19. Bf4 Bf6 20. Rad1 g5 21. Nxe6 gxf4 22. Nxd8 Rxd8 23. Qg4+ Qd7 24. Qxf4 Bg5 25. Qe5 Re8 26.
Qd4 Rxe1+ 27. Rxe1 Nb5 28. Qc4+ Nc7 29. h4 Bf6 30. Re3 Kb7 31. Rf3 Qd1+ 32. Kg2 Qd6 33. Qxf7 Be5 34. c4 Qc6 35. b5 Qe4 36. Kh3 Bd6 37.
a4 Bc5 38. Kh2 Bd6 39. h5 Bc5 40. Rf4 Qe2 41. Kg2 Bd6 42. Rf3 Qd2 43. Qd7 1-0